 Dungeon Crawl Stone Soup version 0.18-a0-1799-g6250cb2 (webtiles) character file.

179 wvc the Slasher (level 5, 3/34 HPs)
             Began as a High Elf Gladiator on Apr 23, 2016.
             Quit the game on level 3 of the Dungeon.
             The game lasted 00:04:04 (3034 turns).

wvc the Slasher (High Elf Gladiator)                Turns: 3034, Time: 00:04:05

Health: 3/34       AC:  6    Str: 14    XL:     5   Next: 33%
Magic:  6/6        EV: 10    Int: 13    God:
Gold:   85         SH:  0    Dex: 15    Spells: 0 memorised, 4 levels left

rFire  . . .     SeeInvis .     a - +0 long sword
rCold  . . .     Gourm    .     z - +0 scale mail (curse)
rNeg   . . .     Faith    .     (no shield)
rPois  .         Spirit   .     c - +0 helmet
rElec  .         Dismiss  +     m - -2 cloak (curse)
rCorr  .         Reflect  .     (no gloves)
SustAt .         Harm     .     (no boots)
MR     .....                    h - amulet of dismissal
Stlth  ..........               (no ring)
                                (no ring)

@: not resistant to hostile enchantments, extremely unstealthy
A: no striking features
a: no special abilities


You were on level 3 of the Dungeon.
You were not hungry.

You visited 1 branch of the dungeon, and saw 3 of its levels.

You collected 85 gold pieces.

Inventory:

Hand Weapons
 a - a +0 long sword (weapon)
Missiles
 d - 3 throwing nets (quivered)
Armour
 b - a +0 ring mail
 c - a +0 helmet (worn)
 m - a cursed -2 cloak (worn)
 z - a cursed +0 scale mail (worn)
Jewellery
 h - an amulet of dismissal (around neck)
Scrolls
 e - 5 scrolls of remove curse {unknown}
 g - a scroll of magic mapping {unknown}
 k - 2 scrolls of teleportation {unknown}
 o - a scroll of random uselessness {unknown}
 s - 3 scrolls of identify {unknown}
 t - a scroll of amnesia {unknown}
 x - a scroll of enchant weapon {unknown}
 y - a scroll of noise {unknown}
Potions
 i - a potion of magic {unknown}
 n - 3 potions of flight {unknown}
 p - 3 potions of haste {unknown}
 q - 2 potions of heal wounds {unknown}
 r - a potion of might {unknown}
 u - 2 potions of mutation {unknown}
Books
 l - a Fen Folio

   Spells                             Type                      Level
   a - Corpse Rot                     Necromancy                   2
   b - Stone Arrow                    Conjuration/Earth            3
   c - Leda's Liquefaction            Hexes/Earth                  4
   d - Summon Forest                  Summoning/Translocation      5
   e - Hydra Form                     Transmutation                6
   f - Summon Hydra                   Summoning                    7
 v - a book of Power

   Spells                             Type                      Level
   a - Fulminant Prism                Conjuration/Hexes            4
   b - Iskenderun's Mystic Blast      Conjuration                  4
   c - Venom Bolt                     Conjuration/Poison           5
   d - Bolt of Magma                  Conjuration/Fire/Earth       5
   e - Iron Shot                      Conjuration/Earth            6
   f - Orb of Destruction             Conjuration                  7
   g - Spellforged Servitor           Conjuration/Summoning        7
Comestibles
 f - 3 bread rations
 j - 4 meat rations


   Skills:
 - Level 2.0 Fighting
 + Level 7.3 Long Blades
 - Level 2.0 Throwing
 - Level 3.2 Dodging


You had 4 spell levels left.
You didn't know any spells.

Dungeon Overview and Level Annotations

Branches:
Dungeon (3/15)

Altars:
Xom

Annotations:
D:3 wvc's ghost, amateur HEGl


Message History

You kill the kobold!
The goblin hits you but does no damage.
Your scale mail prevents you from hitting wvc's ghost.
The goblin hits you but does no damage. Wvc's ghost hits you!
The crimson imp hits you but does no damage.
You miss wvc's ghost. The goblin closely misses you.
Wvc's ghost hits you but does no damage.
The crimson imp hits you.
You barely miss wvc's ghost. The goblin hits you.
Your amulet of dismissal vibrates suddenly!
The goblin disappears!
Wvc's ghost hits you!
* * * LOW HITPOINT WARNING * * *
The crimson imp closely misses you.
Unknown command.
You are too injured to fight recklessly!
The goblin barely misses you. The goblin hits you but does no damage.
The crimson imp blinks!
Wvc's ghost hits you.
* * * LOW HITPOINT WARNING * * *
Are you sure you want to abandon this character and quit the game? (Confirm with "yes".)

...# #..#.#.#.#.#.###.# ..#
#.#.#5#.#.#.#.#.## #.#
#..#.#.#.#.#.#..#
##.#######.#.#5#.#.#.#...#
##.#.##......#.#.#.#.#.#..#
#.####.###.#.###g#.#.#.#.#.#...#
#.....## ##..#..g......######.##
#.####.###.###.#W####### #.#
##.#.## #.#@# #.# ##.## # #.#
#[# #####...####.#.# #.#
...............# #.#
#####...####.### #####.#
##.......... #.....# ###.....##
#.##### ###)###### #.#
#........# #.#


You could see wvc's ghost, a crimson imp and 2 goblins.

Vanquished Creatures
  2 crimson imps (D:3)
  3 adders
  An ooze (D:3)
  2 worms
  3 dart slugs
  A giant gecko (D:1)
  3 orcs (D:3)
  3 giant cockroaches
  6 goblins
  8 hobgoblins
  12 jackals (D:2)
  A quokka (D:3)
  3 ball pythons
  3 bats (D:1)
  A giant newt (D:3)
  5 kobolds
  9 rats
66 creatures vanquished.

Vanquished Creatures (others)
  A quokka (D:3)
1 creature vanquished.

Grand Total: 67 creatures vanquished

Notes
Turn   | Place    | Note
--------------------------------------------------------------
     0 | D:1      | wvc the High Elf Gladiator began the quest for the Orb.
     0 | D:1      | Reached XP level 1. HP: 14/14 MP: 2/2
    16 | D:1      | Reached skill level 4 in Long Blades
   102 | D:1      | Reached XP level 2. HP: 19/19 MP: 3/3
   894 | D:2      | Reached skill level 5 in Long Blades
   960 | D:2      | Reached XP level 3. HP: 18/24 MP: 4/4
  1923 | D:2      | Reached XP level 4. HP: 18/29 MP: 5/5
  2153 | D:2      | Reached skill level 6 in Long Blades
  2302 | D:3      | Found a shimmering altar of Xom.
  2763 | D:3      | Reached skill level 7 in Long Blades
  2763 | D:3      | Reached XP level 5. HP: 30/34 MP: 6/6
  3007 | D:3      | Noticed wvc's ghost (amateur HEGl)
  3034 | D:3      | Quit the game

Vault maps used:
D:1:      sevenhm_arrival_forest_fort_small_5
D:3:      elyvilon_altar_4, minivault_23, led_xom_imps

Skill      XL: |  1  2  3  4 |
---------------+-------------+-----
Long Blades    | 4 5 7 |  7.3
Fighting       | |  2.0
Throwing       | |  2.0
Dodging        | |  3.2

Action                   |  1- 3 |  4- 6 || total
-------------------------+-------+-------++-------
Melee: Long sword        |   110 |   113 ||   223
 Stab: Distracted        |       |     1 ||     1
  Eat: Chunk             |     3 |     4 ||     7
Armor: Leather armour    |    26 |    10 ||    36
       Scale mail        |       |    35 ||    35
Dodge: Dodged            |   102 |    83 ||   185
